 Dungeon Crawl Stone Soup version 0.27-a0-676-gc1da3516c2 (webtiles) character file.

Game seed: 4800892079884166171

44 Areduval the Poker (level 3, 0/29 HPs)
             Began as a Demigod Warper on Mar 18, 2021.
             Slain by a gnoll
             ... wielding a +0 flail
              (9 damage)
             ... on level 2 of the Dungeon.
             The game lasted 00:01:31 (1403 turns).

Areduval the Poker (Demigod Warper)                 Turns: 1403, Time: 00:01:31

Health: 0/29       AC:  4    Str: 12    XL:     3   Next: 22%
Magic:  8/8        EV: 12    Int: 15    God:
Gold:   32         SH:  0    Dex: 17    Spells: 3/5 levels left

rFire    . . .     SeeInvis .   a - +0 spear
rCold    . . .     Faith    .   (no shield)
rNeg     . . .     Spirit   .   b - +0 leather armour
rPois    .         Reflect  .   g - +0 helmet
rElec    .         Harm     .   (no cloak)
rCorr    .         Rampage  .   (no gloves)
Will     .....                  (no boots)
Stlth    +.........             (no amulet)
HPRegen  0.09/turn              (no ring)
MPRegen  0.11/turn              (no ring)

@: no status effects
A: high mp 1, forlorn
a: no special abilities


You were on level 2 of the Dungeon.
You visited 1 branch of the dungeon, and saw 2 of its levels.

You collected 32 gold pieces.

Inventory:

Hand Weapons
 a - a +0 spear (weapon)
Missiles
 c - 5 boomerangs
 e - 5 boomerangs of dispersal (quivered)
Armour
 b - a +0 leather armour (worn)
 g - a +0 helmet (worn)
Scrolls
 d - a scroll of blinking
 f - 2 scrolls of identify {unknown}
 h - a scroll of amnesia {unknown}
 i - a scroll of fear {unknown}
 l - a scroll of immolation {unknown}
 m - a scroll of enchant armour {unknown}
 n - a scroll of fog {unknown}
Potions
 j - a potion of brilliance {unknown}
 k - a potion of lignification {unknown}


   Skills:
 - Level 1.7 Fighting
 * Level 3.0 Polearms
 - Level 0.8 Throwing
 - Level 0.8 Armour
 + Level 2.4 Dodging
 - Level 1.7 Spellcasting
 - Level 2.6 Translocations


You had 3 spell levels left.
You knew the following spells:

 Your Spells              Type           Power      Damage    Failure   Level
a - Blink                 Tloc           N/A        N/A       14%         2

Your spell library contained the following spells:

 Spells                   Type           Power      Damage    Failure   Level
 Apportation              Tloc           18%        N/A       10%         1
 Animate Skeleton         Necr           2%         N/A       28%         1
 Corona                   Hex            1%         N/A       28%         1
 Summon Small Mammal      Summ           4%         N/A       28%         1
 Gell's Gravitas          Tloc           4%         N/A       28%         3
 Lesser Beckoning         Tloc           4%         N/A       28%         3
 Teleport Other           Tloc           9%         N/A       28%         3
 Manifold Assault         Tloc           9%         N/A       67%         4


Dungeon Overview and Level Annotations

Branches:
Dungeon (2/15)

Shops:
D:1 !


Innate Abilities, Weirdness & Mutations

Your attributes grow dramatically as you level up.
You have an increased reservoir of magic. (+10% MP)
You shall have no god before yourself.


Message History

No target in view!
No target in view!
No target in view!
HP restored.
A rat comes into view.
A rat is nearby!
A gnoll comes into view. It is wielding a +0 club.
A gnoll comes into view.
The gnoll shouts!
A gnoll comes into view. It is wielding a +0 flail.
A gnoll comes into view. It is wielding a +0 halberd.
You reach to attack!
You barely miss the rat.
The gnoll shouts!
You barely miss the rat. The rat bites you but does no damage.
The gnoll shouts!
You hit the rat.
You kill the rat!
You see here a rat corpse.
You hit the gnoll.
The gnoll is moderately wounded.
The gnoll hits you but does no damage.
You hit the gnoll.
The gnoll is heavily wounded.
The gnoll hits you. The gnoll barely misses you.
You barely miss the gnoll.
The gnoll is heavily wounded.
You hit the gnoll but do no damage.
The gnoll hits you from afar with a +0 halberd.
You hit the gnoll.
The gnoll is moderately wounded.
The gnoll barely misses you. x2
You barely miss the gnoll.
The gnoll is heavily wounded.
The gnoll misses you. The gnoll hits you with a +0 club.
The gnoll closely misses you. x2
You hit the gnoll.
The gnoll is severely wounded.
The gnoll closely misses you. The gnoll hits you with a +0 club!
The gnoll hits you with a +0 flail!
You die...

#.. .#
#####....#####.........#
#...........#...........
#......#....#....##.....
+....$.#....#....##.....
#......#................
......gg................
......g@................
#....g##...........<....
#.....##................
#.......................
..............(.........
.####...................
#..........##.......
#...############.....
#... #.....


You could see 4 gnolls.

Vanquished Creatures
  An adder (D:1)
  A worm (D:2)
  A dart slug (D:1)
  6 goblins (D:1)
  6 hobgoblins (D:1)
  3 kobolds (D:1)
  A quokka (D:1)
  3 bats (D:1)
  A frilled lizard (D:1)
  5 rats
28 creatures vanquished.

Notes
Turn   | Place    | Note
-------+----------+-------------------------------------------
     0 | D:1      | Areduval the Demigod Warper began the quest for the Orb.
     0 | D:1      | Reached XP level 1. HP: 17/17 MP: 5/5
     2 | D:1      | Noticed a spriggan
     2 | D:1      | Noticed a minotaur
     5 | D:1      | Noticed a ghoul
     5 | D:1      | Noticed a troll
     7 | D:1      | Noticed a dwarf
     7 | D:1      | Noticed a human
     9 | D:1      | Noticed a halfling
    11 | D:1      | Noticed a formicid
    11 | D:1      | Noticed an ogre
    13 | D:1      | Noticed a merfolk
    15 | D:1      | Noticed a demigod
    15 | D:1      | Noticed an elf
    17 | D:1      | Noticed a gargoyle
    17 | D:1      | Noticed a draconian
    19 | D:1      | Noticed a naga
    19 | D:1      | Noticed an octopode
    21 | D:1      | Noticed a tengu
    23 | D:1      | Noticed a vine stalker
    23 | D:1      | Noticed a vampire
    25 | D:1      | Noticed a demonspawn
    25 | D:1      | Noticed a felid
    27 | D:1      | Noticed a centaur
    56 | D:1      | Reached skill level 2 in Polearms
   210 | D:1      | Reached XP level 2. HP: 21/24 MP: 7/7
   508 | D:1      | You fall into a shaft and drop 1 floor!
   529 | D:1      | Found Kiluf's Distillery.
   733 | D:1      | Learned a level 2 spell: Blink
  1118 | D:1      | Reached skill level 3 in Polearms
  1118 | D:1      | Reached XP level 3. HP: 18/29 MP: 8/8
  1403 | D:2      | Slain by a gnoll

Illustrated notes

Levels and vault maps discovered:
D:1:      kb_arrival_jail, layout_rooms, serial_shops, shop_statue,
          kennysheep_crisscross, minmay_misc_feat_hallway
D:2:      layout_basic

Skill      XL: |  1  2 |
---------------+-------+-----
Polearms       | 2 3 |  3.0
Dodging        | 2 |  2.4
Fighting       | |  1.7
Throwing       | |  0.8
Armour         | |  0.8
Spellcasting   | |  1.7
Translocations | |  2.6

Action                   || total
-------------------------++-------
Melee: Spear             ||   132
Armor: Leather armour    ||    28
Dodge: Dodged            ||    74

Table legend: (Time is in decaauts)
 A = Elapsed time spent in this place.
 B = Non-inter-level travel time spent in this place.
 C = Inter-level travel time spent in this place.
 D = Time resting spent in this place.
 E = Time spent auto-exploring this place.
 F = Levels seen in this place.
 G = Mean time per level.
                   A        B        C        D        E       F      G
               +--------+--------+--------+--------+--------+-----+--------+
         Total |   1400 |   1367 |     33 |    110 |   1027 |   2 |  700.0 |
       Dungeon |   1400 |   1367 |     33 |    110 |   1027 |   2 |  700.0 |
               +--------+--------+--------+--------+--------+-----+--------+

Top non-repeatable levels by time:
     D:1: 1226 daAuts
     D:2: 174 daAuts
